Map: Ruins of Seras

Players

Chernobog

  • Race: Protoss Protoss
  • League: Silver

JaysonRJJ - Winner!

  • Race: Zerg Zerg
  • League: Grandmaster

VOD

Have the link to the VOD?

Description

Time

  • Played on: Aug. 25, 2015, 4:06 a.m.
  • Length: 17:11
Show
View Real Time Build Order
Export as new Build Order

Chernobog Protoss 

Build Orders: Nexus First 

Get SALT Encoding   

  12  0:01  Probe  
  13  0:13  Probe  
  14  0:18  Pylon  
  14  0:25  Probe  
  15  0:37  Probe  
  16  0:59  Nexus  
  16  1:17  Probe  
  17  1:20  Gateway  
  17  1:25  Assimilator  
  17  1:30  Probe  
  17  1:32  Assimilator  
  18  1:42  Probe  
  19  1:54  Probe  
  19  1:57  Pylon  
  20  2:11  Cybernetics Core, Zealot  
  20  2:14  Pylon  
  22  2:16  Probe  
  22  2:19  Probe  
  24  2:29  Probe  
  25  2:35  Gateway  
  25  2:40  Warp Gate  
  25  2:42  Probe x2  
  27  2:54  Probe  
  27  2:57  Mothership Core  
  30  2:58  Adept  
  32  3:06  Gateway  
  32  3:13  Probe  
  33  3:26  Adept  
  35  3:27  Stalker, Pylon  
  35  3:33  Probe x2  
  39  3:45  Probe x2  
  41  3:53  Adept  
  41  3:55  Pylon  
  43  3:57  Stalker, Probe  
  43  4:02  Gateway  
  46  4:07  Probe  
  47  4:16  Probe  
  48  4:18  Robotics Facility  
  48  4:19  Probe  
  49  4:28  Probe  
  48  4:50  Probe x2  
  50  4:57  Zealot x3  
  50  4:58  Forge  
  56  5:03  Gateway  
  56  5:09  Gateway  
  56  5:13  Assimilator  
  56  5:17  Assimilator  
  56  5:29  Robotics Bay  
  56  5:35  Photon Cannon  
  56  5:52  Stalker x2  
  56  5:53  Nexus  
  56  5:54  Zealot  
  56  5:55  Pylon, Zealot  
  65  6:04  Probe x2  
  65  6:05  Protoss Ground Weapons Level 1  
  66  6:15  Zealot x2  
  66  6:16  Probe x2, Zealot x3  
  78  6:23  Pylon  
  78  6:29  Photon Cannon  
  78  6:31  Photon Cannon  
  78  6:33  Photon Cannon  
  78  6:37  Pylon  
  78  6:40  Pylon  
  78  6:54  Disruptor  
  78  6:55  Probe x2  
  78  7:00  Stalker x3  
  89  7:04  Sentry x2  
  89  7:05  Probe  
  89  7:07  Probe x2  
  96  7:13  Pylon  
  96  7:18  Probe  
  97  7:29  Twilight Council  
  97  7:31  Observer  
  98  7:44  Zealot x4  
  100  7:45  Zealot  
  108  7:52  Disruptor  
  111  8:05  Protoss Ground Weapons Level 2, Charge  
  111  8:09  Zealot x2  
  111  8:10  Zealot  
  117  8:15  Pylon  
  117  8:18  Pylon  
  91  8:38  Stalker  
  91  8:39  Stalker x4  
  97  8:42  Probe x3  
  97  8:44  Assimilator  
  100  8:49  Nexus  
  100  8:50  Assimilator  
  100  8:51  Pylon  
  100  8:54  Probe x3  
  65  9:35  Stalker x4  
  65  9:36  Zealot  
  65  9:37  Probe x3  
  76  9:49  Probe x3  
  79  9:58  Zealot x2  
  79  9:59  Zealot x3  
  89  10:01  Probe x3  
  92  10:11  Templar Archives  
  92  10:13  Probe  
  93  10:32  Warp Prism, Photon Cannon x2  
  93  10:34  Photon Cannon x2  
  95  10:36  Zealot, Pylon  
  95  10:37  Stalker x4  
  95  10:38  Pylon  
  105  10:47  Probe x2  
  105  10:49  Shield Upgrade  
  107  11:07  Disruptor  
  110  11:14  Stalker  
  110  11:15  Stalker x2  
  110  11:16  High Templar  
  110  11:17  High Templar  
  120  11:27  Gateway  
  120  11:30  Gateway  
  120  11:32  Gateway x2  
  120  11:35  Psionic Storm, Protoss Air Weapons Level 1  
  120  11:43  Disruptor  
  89  12:09  Stalker  
  89  12:10  Stalker x4  
  89  12:13  Protoss Ground Weapons Level 3  
  90  12:18  Blink  
  90  12:30  Zealot x2  
  90  12:31  Zealot x2  
  90  12:32  Disruptor  
  90  12:36  Zealot x3  
  107  12:37  Zealot x2  
  107  12:38  Mothership Core  
  113  12:54  Nexus  
  113  12:56  Pylon, Zealot x3  
  111  12:58  Pylon  
  111  13:02  Stalker x5  
  111  13:03  Stalker x3, Pylon  
  111  13:04  Stalker  
  129  13:08  Warp Prism  
  131  13:23  Stargate  
  131  13:26  Stargate  
  131  13:30  Stargate  
  131  13:32  Pylon, Assimilator  
  131  13:38  Assimilator  
  121  13:44  Disruptor  
  98  13:53  Zealot x6  
  98  13:54  Zealot x3  
  99  14:08  Gateway  
  99  14:10  Gateway  
  99  14:13  Gateway  
  99  14:15  High Templar x6  
  99  14:16  High Templar x3  
  117  14:19  Archon x3, Photon Cannon  
  117  14:21  Photon Cannon, Archon  
  117  14:25  Disruptor, Photon Cannon  
  120  14:55  Zealot x3  
  120  14:56  Zealot x3  
  120  14:57  Zealot x3  
  138  15:10  Assimilator  
  100  15:25  Zealot x2  
  100  15:26  Zealot x4  
  100  15:27  Zealot x4  
  92  15:30  Zealot  
  92  15:31  Zealot  
  70  15:52  Zealot x2  
  70  15:53  Zealot x6  
  70  15:54  Zealot x4  
  68  16:08  Fleet Beacon  
  68  16:15  Adept x4  
  68  16:16  Adept x4  
  68  16:17  Adept x4  
  77  16:35  Zealot x2  
  77  16:36  Zealot x4  
  77  16:37  Zealot x4  
  77  16:38  Zealot x2  
  39  16:56  Zealot x3  
  39  16:57  Zealot x4  
  39  16:58  Zealot x2  
  52  17:05  High Templar x3  
  52  17:07  Archon  
Show
View Real Time Build Order
Export as new Build Order

JaysonRJJ Zerg - Winner!

Build Orders: Pool First 

Get SALT Encoding   

  12  0:01  Drone  
  13  0:08  Drone  
  14  0:17  Overlord  
  14  0:36  Drone x3  
  17  0:47  Drone  
  18  0:58  Spawning Pool  
  18  1:01  Drone  
  18  1:17  Drone  
  19  1:23  Hatchery  
  19  1:25  Drone  
  19  1:34  Extractor  
  18  1:48  Drone x2  
  20  2:06  Drone x2  
  22  2:15  Overlord  
  22  2:33  Hatchery  
  22  2:34  Drone x2  
  23  2:37  Zergling x2  
  24  2:49  Zergling x2  
  25  2:52  Overlord  
  25  3:02  Zergling x2  
  25  3:04  Metabolic Boost  
  26  3:06  Queen  
  26  3:07  Queen  
  30  3:18  Roach Warren, Extractor  
  30  3:19  Drone x3  
  31  3:23  Zergling x4  
  32  3:34  Zergling x2  
  32  3:40  Drone  
  34  3:47  Drone  
  35  3:49  Drone  
  36  3:57  Drone x2, Queen  
  36  4:01  Overlord  
  40  4:07  Drone x2  
  42  4:11  Roach, Extractor  
  42  4:14  Queen  
  45  4:18  Zergling x4  
  45  4:19  Zergling x2  
  48  4:26  Lair  
  48  4:29  Zergling x4  
  50  4:31  Roach  
  51  4:52  Drone x4  
  55  4:59  Drone  
  57  5:00  Drone x2  
  57  5:01  Overlord  
  58  5:09  Evolution Chamber  
  58  5:11  Evolution Chamber  
  56  5:14  Drone x2  
  56  5:20  Drone x2  
  60  5:25  Roach x3  
  66  5:28  Overlord  
  66  5:32  Glial Reconstitution  
  66  5:35  Zerg Ground Armor Level 1  
  66  5:38  Zerg Missile Weapons Level 1  
  66  5:45  Overlord x2  
  66  5:58  Roach  
  66  5:59  Roach x3  
  66  6:01  Overlord  
  74  6:05  Drone  
  74  6:06  Drone x2  
  77  6:26  Drone x2, Hydralisk Den  
  77  6:28  Drone  
  77  6:29  Drone x4  
  77  6:31  Roach x2  
  77  6:32  Roach x2  
  91  6:49  Drone  
  92  6:54  Overseer  
  92  7:04  Muscular Augments  
  92  7:05  Tunneling Claws  
  92  7:08  Drone x2  
  92  7:09  Drone x2  
  92  7:13  Drone x2  
  98  7:15  Overlord x2  
  98  7:20  Hatchery  
  97  7:32  Zerg Ground Armor Level 2  
  97  7:36  Hatchery, Zerg Melee Weapons Level 1  
  96  7:39  Drone x2  
  96  7:43  Extractor  
  98  7:44  Drone x3, Extractor  
  98  7:45  Drone x2  
  101  7:53  Roach  
  101  7:54  Roach x3  
  109  8:12  Queen  
  111  8:13  Overlord  
  107  8:24  Roach x7  
  100  8:37  Roach  
  100  8:38  Roach x2  
  101  8:44  Roach  
  101  8:45  Roach  
  91  9:06  Roach x6  
  91  9:07  Roach x4  
  109  9:16  Roach x2  
  109  9:17  Roach x4  
  117  9:18  Roach x3  
  109  9:33  Roach x4  
  109  9:34  Roach x2  
  121  9:42  Extractor  
  120  9:52  Queen  
  122  9:54  Hydralisk x3  
  122  9:58  Overseer  
  128  10:07  Infestation Pit  
  128  10:09  Drone x5  
  132  10:14  Extractor  
  132  10:15  Extractor  
  132  10:20  Hydralisk x2  
  134  10:24  Overlord x2  
  134  10:25  Overlord  
  134  10:42  Queen  
  136  10:43  Lurker Den  
  136  10:46  Hydralisk x3  
  136  10:47  Hydralisk x3  
  148  10:52  Drone  
  148  10:53  Drone x2  
  151  11:00  Hydralisk x3  
  155  11:12  Hydralisk  
  155  11:16  Overlord x2  
  157  11:29  Overlord x3  
  157  11:51  Hydralisk x2  
  157  11:52  Hydralisk x7  
  151  12:08  Roach x3  
  139  12:22  Hydralisk x2  
  139  12:23  Hydralisk x3  
  139  12:24  Roach  
  139  12:25  Roach x18  
  139  12:26  Roach  
  139  12:27  Hydralisk  
  139  12:28  Hydralisk  
  193  12:33  Hive  
  193  12:42  Hydralisk x2  
  145  13:49  Roach x3  
  145  13:50  Roach x3  
  153  13:58  Roach x3  
  153  13:59  Roach x19  
  197  14:35  Lurker  
  198  14:38  Overlord x3  
  198  14:39  Overlord  
  198  14:57  Hatchery  
  184  15:24  Roach x2  
  184  15:25  Roach x5  
  166  15:42  Roach  
  166  15:43  Roach x7  
  166  15:44  Hydralisk x8  
  166  15:45  Hydralisk x3  
  194  16:07  Hydralisk x3  
  190  16:38  Roach x3  
  190  16:39  Roach  
  154  16:49  Roach x3  
  154  16:50  Roach x13  
  154  16:51  Roach x8  
Tags
 
Add a new tag
Caveats
  • Supply blocks, unpowered buildings, or Contaminate may cause inaccurate times.
  • Supply counts are checked every 10 seconds.